 Dungeon Crawl Stone Soup version 0.17-a0-1393-gcb420ff (webtiles) character file.

9926 Gorice the Slicer (level 11, -10/84 HPs)
             Began as a Vampire Wanderer on June 15, 2015.
             Was a Priest of Kikubaaqudgha.
             Mangled by a komodo dragon (23 damage)
             ... on level 2 of the Lair of Beasts on June 16, 2015.
             The game lasted 01:31:11 (15028 turns).

Gorice the Slicer (Vampire Wanderer)               Turns: 15028, Time: 01:31:11

Health: -10/84     AC: 12    Str: 14    XL:     11   Next: 29%
Magic:  11/11      EV: 14    Int: 17    God:    Kikubaaqudgha [***...]
Gold:   469        SH:  0    Dex: 12    Spells: 0 memorised, 10 levels left

rFire  . . .     SeeInvis +     a - +2 long sword (drain)
rCold  + . .     Clarity  .     z - +3 ring mail
rNeg   + + .     SustAt   .     (no shield)
rPois  +         Gourm    .     N - +0 helmet
rElec  .         Spirit   .     l - +0 cloak
rCorr  .         Warding  .     x - +0 pair of gloves
rMut   .         Stasis   .     (no boots)
MR     ++...                    (no amulet)
Stlth  ++++......               (no ring)
                                K - ring of protection from magic

@: regenerating slowly, very resistant to hostile enchantments, stealthy
A: fangs 3, see invisible, unbreathing
a: Bat Form, Receive Corpses, Renounce Religion


You were on level 2 of the Lair of Beasts.
You worshipped Kikubaaqudgha.
Kikubaaqudgha was most pleased with you.
You were thirsty.

You visited 3 branches of the dungeon, and saw 12 of its levels.

You collected 542 gold pieces.
You spent 73 gold pieces at shops.

Inventory:

Hand weapons
 a - a +2 long sword of draining (weapon)
   (You bought it in a shop on level 5 of the Dungeon)
 b - a +2 shortbow
 d - a +2 dagger of freezing
   (You took it off an orc on level 7 of the Dungeon)
 v - a +2 short sword of venom
   (You acquired it on level 8 of the Dungeon)
Missiles
 f - 110 arrows
 i - 4 tomahawks (quivered)
 Z - 299 stones
Armour
 l - a +0 cloak (worn)
 x - a +0 pair of gloves (worn)
 z - a +3 ring mail (worn)
 N - a +0 helmet (worn)
Jewellery
 I - an uncursed ring of ice
 K - a ring of protection from magic (left hand)
Magical devices
 t - a wand of flame (20)
 D - a wand of frost (31)
 M - a wand of frost (14)
 Q - a wand of slowing (20)
 R - a wand of teleportation (4) {!d}
Scrolls
 q - 3 scrolls of teleportation {!r}
 A - 2 scrolls of identify
 J - 2 scrolls of blinking
Potions
 e - 11 potions of blood
 h - 2 potions of flight
 n - 3 potions of might {!q}
 o - a potion of agility {!q}
 w - a potion of invisibility {!q}
 H - a potion of haste {!q}
Books
 c - Kikubaaqudgha's Disquisition on Darkness
   (Kikubaaqudgha gifted it to you on level 2 of the Lair of Beasts)

   Spells                             Type                      Level
   a - Bolt of Draining               Conjuration/Necromancy       5
   b - Agony                          Necromancy                   5
   c - Cigotuvi's Embrace             Necromancy                   5
   d - Dispel Undead                  Necromancy                   5
   e - Simulacrum                     Ice/Necromancy               6


   Skills:
 - Level 7.3 Fighting
 - Level 10.1(11.7) Short Blades
 * Level 9.1(10.7) Long Blades
   Level 1.0 Maces & Flails
 - Level 1.5 Bows
 - Level 3.2 Armour
 + Level 8.2 Dodging
 - Level 8.5 Stealth
 - Level 1.0 Evocations


You had 10 spell levels left.
You didn't know any spells.

Dungeon Overview and Level Annotations

Branches:
Dungeon (9/15)             Temple (1/1) D:6            Lair (2/8) D:9
    Orc: D:9-12

Altars:
Ashenzari
Cheibriados
Dithmenos
Elyvilon
Fedhas
Gozag
Kikubaaqudgha
Makhleb
Nemelex Xobeh
Okawaru
Qazlal
Ru
Sif Muna
Trog
Vehumet
Xom
Yredelemnul
Zin
The Shining One

Shops:
D:5 (

Annotations:
D:4 DEFE's ghost, average FoFi
Lair:1 exclusion: hydra


Innate Abilities, Weirdness & Mutations

You heal slowly.
You have razor-sharp teeth.
You have supernaturally acute eyesight.
You can survive without breathing.


Message History

You shoot an arrow.
The arrow closely misses the komodo dragon.
Firing (i - inventory. (,) - cycle):
f - 113 arrows (quivered)
Press: ? - help, Shift-Dir - straight line, f/p - komodo dragon
Aim: a komodo dragon You shoot an arrow.
The arrow hits the komodo dragon but does no damage.
Firing (i - inventory. (,) - cycle):
f - 112 arrows (quivered)
Press: ? - help, Shift-Dir - straight line, f/p - komodo dragon
Aim: a komodo dragon You shoot an arrow.
The arrow hits the komodo dragon but does no damage.
Firing (i - inventory. (,) - cycle):
f - 111 arrows (quivered)
Press: ? - help, Shift-Dir - straight line, f/p - komodo dragon
Aim: a komodo dragon You shoot an arrow.
The arrow hits the komodo dragon.
The komodo dragon is lightly wounded.
You sense an unholy aura.
a - a +2 long sword of draining (weapon)
You hit the komodo dragon.
The komodo dragon is lightly wounded.
The komodo dragon closely misses you.
You hit the komodo dragon but do no damage.
The komodo dragon is lightly wounded.
The komodo dragon bites you!!
Damage: 24 (max 24)
You slash the komodo dragon!
The komodo dragon is moderately wounded.
The komodo dragon closely misses you.
You hit the komodo dragon but do no damage.
The komodo dragon is moderately wounded.
You slash the komodo dragon!
You bite the komodo dragon, but do no damage.
The komodo dragon is severely wounded.
The komodo dragon bites you!
Damage: 14 (max 24)
You closely miss the komodo dragon.
The komodo dragon is severely wounded.
The komodo dragon bites you!
Damage: 16 (max 24)
You hit the komodo dragon. You drain the komodo dragon!
The komodo dragon is severely wounded.
The komodo dragon bites you!
* * * LOW HITPOINT WARNING * * *
Damage: 17 (max 24)
You hit the komodo dragon.
The komodo dragon is almost dead.
The komodo dragon bites you!!
You die...
Kikubaaqudgha rasps: "You have failed me!
Welcome... oblivion!"

###.........###
###+##...####... #
#####+P#..# ##....#....
#..#### ##P#...... ##..##
###.#.... # ....# ### ##
.##.... ## ####.#####.#
##+###.#.#.+ ... .#
##.......#..###......(#.((
... .#
#P...##......##........(P. ..
#####.........#>@+....(..##.
..
...#P.....##..###l...........
#.........#....#####.P#+.##..
##P.#.###.....## .....##
###..........# #...###
###....##### ...##
######....### .....
#P#........P# ......
.....<.....## P.....


You could see a komodo dragon.

Vanquished Creatures
  4 spiny frogs
  Psyche (D:9)
  3 komodo dragons
  A fire drake (Lair:1)
  9 blink frogs
  A spriggan (D:7)
  A wyvern (D:7)
  A hippogriff (Lair:2)
  2 basilisks (Lair:1)
  A hungry ghost (D:7)
  2 wargs (D:9)
  3 orc warriors
  2 porcupines
  3 ice beasts
  3 water moccasins
  2 black bears (D:8)
  2 sky beasts (D:6)
  2 phantoms
  4 ogres
  2 centaurs
  A crocodile (Lair:1)
  8 giant frogs
  3 scorpions
  A water moccasin skeleton (D:7)
  7 killer bees
  3 crimson imps (D:7)
  7 orc priests
  7 hounds
  2 jellies (D:7)
  10 orc wizards
  3 giant frog skeletons
  5 iguanas
  4 worker ants
  A killer bee zombie (D:7)
  A hound zombie (D:9)
  3 hound skeletons
  5 gnolls
  8 adders
  4 shadow imps
  3 adder skeletons
  7 worms
  10 giant geckos
  31 orcs
  16 bats
  5 giant cockroaches
  21 goblins
  18 hobgoblins
  5 quokkas
  2 ball pythons
  4 giant newts
  16 kobolds
  15 rats
285 creatures vanquished.

Vanquished Creatures (others)
  An adder skeleton (D:6)
  3 fungi (Lair:2)
4 creatures vanquished.

Grand Total: 289 creatures vanquished

Notes
Turn   | Place    | Note
--------------------------------------------------------------
     0 | D:1      | Gorice the Vampire Wanderer began the quest for the Orb.
     0 | D:1      | Gorice set off with: a +2 shortbow, 28 arrows, a potion of lignification {!q}, a +0 ring mail, a potion of blood
     0 | D:1      | Reached XP level 1. HP: 15/15 MP: 1/1
   284 | D:1      | Reached skill level 2 in Stealth
   371 | D:1      | Reached XP level 2. HP: 9/21 MP: 2/2
   413 | D:1      | Reached skill level 1 in Short Blades
   521 | D:1      | Reached skill level 2 in Short Blades
   521 | D:1      | Reached XP level 3. HP: 17/26 MP: 3/3
  1098 | D:2      | Reached skill level 3 in Stealth
  1215 | D:2      | Reached skill level 2 in Fighting
  1215 | D:2      | Reached XP level 4. HP: 29/33 MP: 4/4
  1233 | D:2      | Upgraded the game from 0.17-a0-1382-gc46a074 to 0.17-a0-1393-gcb420ff
  1647 | D:3      | Found a white marble altar of Elyvilon.
  1784 | D:3      | Reached skill level 3 in Short Blades
  2004 | D:3      | Reached skill level 4 in Stealth
  2448 | D:4      | Noticed DEFE's ghost (average FoFi)
  2463 | D:4      | Reached XP level 5. HP: 39/39 MP: 5/5
  2651 | D:4      | Reached skill level 4 in Short Blades
  2796 | D:4      | Reached skill level 5 in Stealth
  2796 | D:4      | Reached XP level 6. HP: 44/46 MP: 6/6
  2805 | D:4      | Reached skill level 3 in Fighting
  2973 | D:4      | Noticed a phantom
  3009 | D:4      | Killed a phantom
  3009 | D:4      | Reached skill level 5 in Short Blades
  3497 | D:5      | Entered Level 5 of the Dungeon
  3579 | D:5      | Reached skill level 6 in Stealth
  3579 | D:5      | Reached XP level 7. HP: 35/52 MP: 7/7
  3606 | D:5      | Found a blossoming altar of Fedhas.
  3661 | D:5      | Got a pitted hand axe
  3984 | D:5      | Reached skill level 6 in Short Blades
  4215 | D:5      | HP: 12/53 [scorpion (4)]
  4220 | D:5      | Reached skill level 4 in Fighting
  4220 | D:5      | HP: 8/54 [poisoned by a scorpion]
  4237 | D:5      | HP: 16/54 [poisoned by a scorpion]
  4243 | D:5      | HP: 15/54 [poisoned by a scorpion]
  4251 | D:5      | HP: 15/54 [poisoned by a scorpion]
  4498 | D:5      | Found an opulent altar of Gozag.
  4610 | D:5      | Found an iron altar of Okawaru.
  4745 | D:5      | Reached skill level 7 in Stealth
  4794 | D:5      | Found Tielag's Antique Weapon Emporium.
  4979 | D:5      | Reached XP level 8. HP: 60/60 MP: 8/8
  5199 | D:5      | Noticed a moth of wrath
  5202 | D:5      | Found a bloodstained altar of Trog.
  5273 | D:5      | Reached skill level 7 in Short Blades
  5700 | D:6      | Found a staircase to the Ecumenical Temple.
  5706 | Temple   | Entered the Ecumenical Temple
  5854 | Temple   | Became a worshipper of Kikubaaqudgha
  6005 | D:6      | Reached skill level 8 in Stealth
  6143 | D:6      | Reached skill level 8 in Short Blades
  6237 | D:6      | Reached skill level 5 in Fighting
  6762 | D:6      | Found a basalt altar of Yredelemnul.
  7158 | D:6      | Found a deep blue altar of Sif Muna.
  7336 | D:7      | Reached skill level 9 in Short Blades
  7423 | D:7      | Reached XP level 9. HP: 65/68 MP: 9/9
  7599 | D:7      | HP: 19/68 [wyvern (14)]
  7915 | D:7      | Found a burning altar of Makhleb.
  7915 | D:7      | Found a glowing silver altar of Zin.
  7916 | D:7      | Noticed an angel
  7916 | D:7      | Noticed an Executioner
  7931 | D:7      | Reached skill level 6 in Fighting
  7953 | D:6      | Acquired Kikubaaqudgha's first power
  7953 | D:6      | Received a gift from Kikubaaqudgha
  7954 | D:6      | Identified Kikubaaqudgha's Compendium of Dark Rituals (Kikubaaqudgha gifted it to you on level 6 of the Dungeon)
  8008 | D:7      | Reached skill level 10 in Short Blades
  8431 | D:7      | Reached skill level 1 in Dodging
  8478 | D:7      | Reached skill level 2 in Dodging
  8930 | D:7      | Reached skill level 3 in Dodging
  9216 | D:8      | Reached skill level 7 in Fighting
  9478 | D:8      | Found a snail-covered altar of Cheibriados.
  9496 | D:8      | Acquired Kikubaaqudgha's second power
  9669 | D:8      | Reached skill level 4 in Dodging
  9858 | D:8      | Got a steaming trident
  9893 | D:8      | Identified a scroll of acquirement
  9896 | D:8      | Identified the cursed +0 trident "Zuquoxon" {pierce, rF- rC++ Int+2 Stlth+} (You found it on level 8 of the Dungeon)
 10043 | D:6      | HP: 17/72 [orc warrior/trident (12)]
 10045 | D:6      | HP: 6/72 [orc warrior/trident (12)]
 10395 | D:5      | Bought a runed long sword for 73 gold pieces
 10528 | D:9      | Reached skill level 1 in Long Blades
 10592 | D:9      | Found a staircase to the Lair.
 10615 | D:9      | Reached skill level 2 in Long Blades
 10647 | D:9      | Reached XP level 10. HP: 61/79 MP: 10/10
 10724 | D:9      | Reached skill level 3 in Long Blades
 10724 | D:9      | Reached skill level 5 in Dodging
 10731 | D:9      | Noticed Psyche
 10749 | D:9      | Killed Psyche
 10933 | D:9      | HP: 21/79 [poisoned by a killer bee]
 10938 | D:9      | HP: 15/79 [poisoned by a killer bee]
 10943 | D:9      | HP: 10/79 [poisoned by a killer bee]
 10949 | D:9      | HP: 6/79 [poisoned by a killer bee]
 10955 | D:9      | HP: 4/79 [poisoned by a killer bee]
 10961 | D:9      | HP: 3/79 [poisoned by a killer bee]
 10968 | D:9      | HP: 3/79 [poisoned by a killer bee]
 10976 | D:8      | HP: 4/79 [poisoned by a killer bee]
 11225 | D:9      | Reached skill level 4 in Long Blades
 11905 | Lair:1   | Entered Level 1 of the Lair of Beasts
 11907 | Lair:1   | Reached skill level 5 in Long Blades
 11909 | Lair:1   | Reached skill level 6 in Dodging
 11932 | Lair:1   | Reached skill level 6 in Long Blades
 11950 | Lair:1   | Found a glowing silver altar of Zin.
 12015 | Lair:1   | Noticed a six-headed hydra
 12352 | Lair:1   | HP: 22/79 [spiny frog (16)]
 12356 | Lair:1   | Reached skill level 7 in Long Blades
 12356 | Lair:1   | Reached skill level 7 in Dodging
 12357 | Lair:1   | HP: 16/79 [poisoned by a spiny frog]
 12362 | Lair:1   | HP: 11/79 [poisoned by a spiny frog]
 12368 | Lair:1   | HP: 8/79 [poisoned by a spiny frog]
 12373 | Lair:1   | HP: 7/79 [poisoned by a spiny frog]
 12379 | Lair:1   | HP: 6/79 [poisoned by a spiny frog]
 12387 | Lair:1   | HP: 6/79 [poisoned by a spiny frog]
 13183 | Lair:2   | Reached XP level 11. HP: 84/84 MP: 11/11
 13216 | Lair:2   | Reached skill level 8 in Long Blades
 13444 | Lair:2   | HP: 17/84 [spiny frog (14)]
 13448 | Lair:2   | HP: 6/84 [spiny frog (10)]
 13772 | Lair:2   | HP: 18/84 [blink frog (16)]
 13776 | Lair:2   | Received a gift from Kikubaaqudgha
 13778 | Lair:2   | Identified Kikubaaqudgha's Disquisition on Darkness (Kikubaaqudgha gifted it to you on level 2 of the Lair of Beasts)
 14418 | Lair:2   | Reached skill level 8 in Dodging
 14825 | Lair:2   | Reached skill level 9 in Long Blades
 15027 | Lair:2   | HP: 13/84 [komodo dragon (17)]
 15028 | Lair:2   | Mangled by a komodo dragon

Vault maps used:
D:1:      shiori_arrival_oz
D:2:      nrook_mini_backslash
D:3:      first_bread, portal_sewer_entry_e, elyvilon_altar_1
D:5:      grunt_gozag_breadcrumbs, old_standard_altar, tgw_trog, serial_shops,
          kennysheep_mini, grunt_ministairs_8, dk_noncrumbling_4,
          minmay_liquid_box, fedhas_altar_1
D:6:      lemuel_blue_sif_altar, temple_green, basic_altar,
          minmay_misc_feat_diagonals
D:7:      grunt_temple_overflow_order_and_chaos_2, the_bakery
D:8:      cheibriados_altar_wand_db
D:9:      erik_lair_orcish_takeover, uniq_psyche
Temple:   water_room_temple_b_12
Lair:1:   basic_altar, patterned_corridor
Lair:2:   beast_lair_carwin_6, infiniplex_staircase_pool_2

Action                   |  1- 3 |  4- 6 |  7- 9 | 10-12 || total
-------------------------+-------+-------+-------+-------++-------
Melee: Dagger            |    91 |   255 |   718 |    58 ||  1122
       Long sword        |       |       |    24 |   218 ||   242
 Fire: Shortbow          |    73 |    26 |   122 |   116 ||   337
Throw: Tomahawk          |       |     4 |     1 |       ||     5
Evoke: Wand              |       |     2 |     5 |       ||     7
  Use: Scroll            |     4 |     8 |     8 |     4 ||    24
       Potion            |       |     8 |    25 |    13 ||    46
 Stab: Sleeping          |     2 |     6 |    14 |     4 ||    26
       Distracted        |       |     1 |     3 |       ||     4
       Paralysed         |       |     1 |       |       ||     1

Table legend:
 A = Turns spent in this place as a percentage of turns spent in the entire game.
 B = Non-inter-level travel turns spent in this place as a percentage of non-inter-level travel turns spent in the entire game.
 C = Inter-level travel turns spent in this place as a percentage of turns spent in this place.
 D = Turns resting spent in this place as a percentage of non-inter-level travel turns spent in this place.
 E = Turns spent auto-exploring this place as a percentage of non-inter-level travel turns spent in this place.
 F = Non-inter-level travel turns spent in this place divided by the number of levels of this place that you've seen.
                   A       B       C       D       E      F
               +-------+-------+-------+-------+-------+----------------------
         Total | 100.0 | 100.0 |   0.4 |   1.8 |   4.0 | 502.9
       Dungeon |  85.8 |  85.7 |   0.4 |   1.4 |   4.0 | 575.0
        Temple |   0.9 |   0.9 |   1.8 |   0.0 |  20.4 |  54.0
          Lair |  13.3 |  13.4 |   0.1 |   4.2 |   3.2 | 403.0
               +-------+-------+-------+-------+-------+----------------------

Vault maps used:
D:1:      shiori_arrival_oz
D:2:      nrook_mini_backslash
D:3:      first_bread, portal_sewer_entry_e, elyvilon_altar_1
D:5:      grunt_gozag_breadcrumbs, old_standard_altar, tgw_trog, serial_shops,
          kennysheep_mini, grunt_ministairs_8, dk_noncrumbling_4,
          minmay_liquid_box, fedhas_altar_1
D:6:      lemuel_blue_sif_altar, temple_green, basic_altar,
          minmay_misc_feat_diagonals
D:7:      grunt_temple_overflow_order_and_chaos_2, the_bakery
D:8:      cheibriados_altar_wand_db
D:9:      erik_lair_orcish_takeover, uniq_psyche
Temple:   water_room_temple_b_12
Lair:1:   basic_altar, patterned_corridor
Lair:2:   beast_lair_carwin_6, infiniplex_staircase_pool_2
